Oilers vs Senators

Created - Sunday, February 15, 2015 at 01:44

Goals
1 2 3 T
Oilers 0 0 2 2
Senators 1 2 3 6
Shots
1 2 3 T
Oilers 7 5 23 35
Senators 10 5 11 26

1st period

1. Senators , Reilly Smith 6 (Peter Harrold) at 14:31

Penalties :
Erik Gudbranson (Ott) for Tripping (Minor) at 1:05, Matt Greene (Ott) for Hooking (Minor) at 2:11, Zach Bogosian (Ott) for Hooking (Minor) at 16:07

2nd period

2. Senators , Jonathan Toews 27 (Phil Kessel) at 0:08
3. Senators , Phil Kessel 32 (Scott Hartnell, Jonathan Toews) at 7:59 (PP)

Penalties :
David Desharnais (Edm) for Hooking (Minor) at 7:28, Alexander Semin (Edm) for Roughing (Minor) at 8:50, Scott Hannan (Edm) for Holding Stick (Minor) at 15:50

3rd period

4. Oilers , Andrej Sekera 10 (Nicklas Backstrom, Scott Hannan) at 1:41
5. Senators , Phil Kessel 33 (Jonathan Toews) at 3:08
6. Oilers , David Desharnais 16 (Andrej Sekera, Alexander Semin) at 4:27
7. Senators , Kyle Okposo 25 (Zach Bogosian, Scott Hartnell) at 13:10
8. Senators , Peter Harrold 2 (Matt Greene) at 15:34

Penalties :
No Penalty

Goalie Stats

Jean-Sebastien Giguere (Edm), 5 saves from 7 shots - (0.714), 16:52 minutes
Roberto Luongo (Edm), 15 saves from 19 shots - (0.789), L, 28-6-5, 43:08 minutes
Steve Mason (Ott), 33 saves from 35 shots - (0.943), W, 30-14-2, 60:00 minutes

Players Stats for Oilers

Player Name              G  A  P  +/- PIM S  H  SB GA TA FO     MP     PP MP  PK MP  
------------------------------------------------------------------------------------
Ales Hemsky              0  0  0   0  0   0  1  0  0  0  0/1     8:15   0:00   0:34 
Alexander Semin          0  1  1  -1  2   5  2  0  0  1  0/1    20:16   2:33   0:00 
Andrej Sekera            1  1  2   0  0   3  0  0  0  1  0/0    24:40   2:15   3:09 
Andrew Ladd              0  0  0  -2  0   0  1  0  2  0  0/1    18:55   2:31   2:59 
Andrew MacDonald         0  0  0  -2  0   0  2  0  0  2  0/0    19:34   0:00   1:20 
Brayden McNabb           0  0  0  -1  0   2  2  0  0  1  0/0    11:39   0:00   0:00 
Brayden Schenn           0  0  0   0  0   0  1  0  3  0  0/0     6:27   0:00   0:00 
Chris Stewart            0  0  0   0  0   0  0  0  0  0  0/0     0:00   0:00   0:00 
Darren Helm              0  0  0   0  0   5  1  0  0  1  0/0    15:30   0:22   0:56 
David Desharnais         1  0  1  -1  2   4  2  2  2  0  11/16  17:27   2:09   0:00 
David Schlemko           0  0  0  -1  0   2  2  1  0  0  0/0    16:00   0:00   3:09 
Kimmo Timonen            0  0  0  -2  0   1  2  3  0  2  0/0    23:40   2:49   1:20 
Mikkel Boedker           0  0  0   0  0   5  2  0  3  0  0/1    15:06   2:31   0:00 
Nick Bonino              0  0  0  -1  0   1  1  1  0  0  0/0    20:58   2:49   0:56 
Nicklas Backstrom        0  1  1  -2  0   1  0  0  4  0  4/18   22:17   2:33   0:00 
Scott Hannan             0  1  1   0  2   2  1  1  1  0  0/0    18:59   0:00   0:00 
Shane Doan               0  0  0  -2  0   2  1  0  2  0  1/2    17:58   2:33   0:00 
Vladimir Sobotka         0  0  0   0  0   2  5  0  1  2  5/12   17:42   2:15   3:33 

Players Stats for Senators

Player Name              G  A  P  +/- PIM S  H  SB GA TA FO     MP     PP MP  PK MP  
------------------------------------------------------------------------------------
Colin Greening           0  0  0   0  0   1  0  0  1  1  0/1    10:32   0:00   2:57 
David Clarkson           0  0  0   0  0   0  0  0  1  0  0/0     7:15   0:00   0:00 
Erik Gudbranson          0  0  0   0  2   1  2  4  0  0  0/0    22:17   2:57   3:05 
Henrik Sedin             0  0  0   1  0   2  0  0  1  0  6/11   15:45   1:45   0:00 
Johnny Oduya             0  0  0   1  0   1  0  0  0  0  0/0     9:56   0:00   4:28 
Jonathan Toews           1  2  3   0  0   4  3  0  3  1  17/27  22:28   2:44   3:12 
Justin Schultz           0  0  0   0  0   2  0  2  0  1  0/0    25:06   3:32   0:00 
Kyle Okposo              1  0  1   1  0   3  1  0  2  0  0/0    15:45   1:45   0:00 
Loui Eriksson            0  0  0   0  0   0  1  0  0  1  0/0    17:51   1:45   0:00 
Mark Scheifele           0  0  0   2  0   0  1  0  0  1  0/0    12:39   0:00   0:00 
Matt Greene              0  1  1   1  2   0  4  1  0  0  0/0    24:07   1:23   1:17 
Nazem Kadri              0  0  0   2  0   3  2  1  2  1  6/8    14:14   0:00   1:25 
Peter Harrold            1  1  2   1  0   1  0  1  0  2  0/0    13:46   0:31   0:00 
Phil Kessel              2  1  3   0  0   4  1  0  6  0  0/0    18:56   2:44   0:00 
Reilly Smith             1  0  1   2  0   2  1  0  1  0  0/1    12:54   0:00   0:15 
Scott Gomez              0  0  0   0  0   0  0  0  0  0  2/4     7:15   0:00   0:00 
Scott Hartnell           0  2  2   1  0   2  3  0  0  0  0/0    18:15   2:44   1:25 
Zach Bogosian            0  1  1   3  2   0  3  2  0  5  0/0    24:54   0:35   1:18 

3 Stars

1 - Phil Kessel (Ott)
2 - Jonathan Toews (Ott)
3 - Peter Harrold (Ott)

Power Play

Oilers - 0 on 3 Attempt(s) - 0.00%
Senators - 1 on 3 Attempt(s) - 33.33%

Penalty Kill

Oilers - 2 on 3 Attempt(s) - 66.67% - Score 0 goal in Penalty Kill
Senators - 3 on 3 Attempt(s) - 100.00% - Score 0 goal in Penalty Kill

Team Stat

Oilers - Hits : 26 - Faceoff Wins : 21 - Blocked Shots : 8 - Penalty Minutes : 6
Senators - Hits : 22 - Faceoff Wins : 31 - Blocked Shots : 11 - Penalty Minutes : 6

Official

Referees : Unknown
Linesman : Unknown

Game Notes

Johnny Oduya is injured at 0:51 of 2nd period (Strained Left Knee)
Jean-Sebastien Giguere enters game at 3:08 of 3rd period
4:27 of 3rd period - Oilers goal is going for a video replay. After video review, Goal.

Finance

Level 1 -- Attendance: 3943 (65.72%) -- Ticket Income $394,300
Level 2 -- Attendance: 3580 (71.60%) -- Ticket Income $214,800
Level 3 -- Attendance: 1283 (64.15%) -- Ticket Income $44,905
Level 4 -- Attendance: 3109 (77.73%) -- Ticket Income $62,180
Luxury Box -- Attendance: 782 (78.20%) -- Ticket Income $156,400
Game was played at the Scotiabank Place'
Total Attendance: 12697 (70.54%)
Total Ticket Income: $872,585
Other Income: $427,567
Total Income: $1,300,152

Oilers

5 vs 5 Forward 
   Center                   Left Wing                Right Wing               Time % Phy DF OF 
 1 Nicklas Backstrom        Andrew Ladd              Shane Doan               35     0   1  4  
 2 David Desharnais         Nick Bonino              Alexander Semin          35     0   1  4  
 3 Vladimir Sobotka         Darren Helm              Mikkel Boedker           25     0   1  4  
 4 Nicklas Backstrom        Brayden Schenn           Ales Hemsky              5      0   2  3  

5 vs 5 Defense 
   Defense                  Defense                                           Time % Phy DF OF 
 1 Kimmo Timonen            Andrew MacDonald                                  40     1   4  0  
 2 Andrej Sekera            Scott Hannan                                      40     1   4  0  
 3 David Schlemko           Brayden McNabb                                    20     1   4  0  
 4 Kimmo Timonen            Andrew MacDonald                                  0      1   4  0  

PowerPlay Forward 
   Center                   Left Wing                Right Wing               Time % Phy DF OF 
 1 Nicklas Backstrom        Shane Doan               Alexander Semin          55     0   1  4  
 2 David Desharnais         Andrew Ladd              Mikkel Boedker           45     0   1  4  

PowerPlay Defense
   Defense                  Defense                                           Time % Phy DF OF 
 1 Kimmo Timonen            Nick Bonino                                       50     1   2  2  
 2 Andrej Sekera            Vladimir Sobotka                                  50     1   2  2  

Penalty Kill 4 Players Forward 
   Center                   Wing                     Time % Phy DF OF 
 1 Vladimir Sobotka         Andrew Ladd              55     0   4  1  
 2 Nick Bonino              Darren Helm              45     0   4  1  

Penalty Kill 4 Players Defense
   Defense                  Defense                  Time % Phy DF OF 
 1 Kimmo Timonen            Andrew MacDonald         50     1   4  0  
 2 David Schlemko           Andrej Sekera            50     1   4  0  

Penalty Kill - 3 Players Forward 
   Forward                                           Time % Phy DF OF 
 1 Vladimir Sobotka                                  55     0   5  0  
 2 Darren Helm                                       45     0   5  0  

Penalty Kill - 3 Players Defense
   Defense                  Defense                  Time % Phy DF OF 
 1 Kimmo Timonen            Andrew MacDonald         50     1   4  0  
 2 Andrej Sekera            David Schlemko           50     1   4  0  

4 vs 4 Forward 
   Center                   Wing                     Time % Phy DF OF 
 1 Nicklas Backstrom        Alexander Semin          60     0   1  4  
 2 David Desharnais         Mikkel Boedker           40     0   1  4  

4 vs 4 Defense
   Defense                  Defense                  Time % Phy DF OF 
 1 Kimmo Timonen            Andrew MacDonald         50     1   4  0  
 2 Scott Hannan             Andrej Sekera            50     1   4  0  

Last Minutes Offensive
   Center                   Left Wing                Right Wing               Defense                  Defense                  
   Nicklas Backstrom        Shane Doan               Alexander Semin          Kimmo Timonen            Andrej Sekera            

Last Minutes Defensive
   Center                   Left Wing                Right Wing               Defense                  Defense                  
   Vladimir Sobotka         Andrew Ladd              Darren Helm              Kimmo Timonen            Andrew MacDonald         

Goaltenders
Starting : Roberto Luongo           
Backup : Jean-Sebastien Giguere   

Extra Forwards
Normal : Shane Doan, Mikkel Boedker, David Desharnais - PP : Nicklas Backstrom, Alexander Semin - PK : Darren Helm
Extra Defensemen
Normal : Andrej Sekera, Kimmo Timonen, Andrew MacDonald - PP : Andrej Sekera - PK : Andrej Sekera, David Schlemko
Penalty Shots
David Desharnais, Nick Bonino, Andrew Ladd, Nicklas Backstrom, Ales Hemsky

Senators

5 vs 5 Forward 
   Center                   Left Wing                Right Wing               Time % Phy DF OF 
 1 Jonathan Toews           Loui Eriksson            Phil Kessel              40     1   2  2  
 2 Henrik Sedin             Scott Hartnell           Kyle Okposo              32     1   2  2  
 3 Nazem Kadri              Reilly Smith             Mark Scheifele           20     1   2  2  
 4 Scott Gomez              Colin Greening           David Clarkson           8      1   2  2  

5 vs 5 Defense 
   Defense                  Defense                                           Time % Phy DF OF 
 1 Zach Bogosian            Johnny Oduya                                      40     1   2  2  
 2 Justin Schultz           Erik Gudbranson                                   30     1   2  2  
 3 Matt Greene              Peter Harrold                                     25     1   2  2  
 4 Zach Bogosian            Johnny Oduya                                      5      1   2  2  

PowerPlay Forward 
   Center                   Left Wing                Right Wing               Time % Phy DF OF 
 1 Jonathan Toews           Scott Hartnell           Phil Kessel              60     1   2  2  
 2 Henrik Sedin             Loui Eriksson            Kyle Okposo              40     1   2  2  

PowerPlay Defense
   Defense                  Defense                                           Time % Phy DF OF 
 1 Justin Schultz           Johnny Oduya                                      60     1   2  2  
 2 Erik Gudbranson          Zach Bogosian                                     40     1   2  2  

Penalty Kill 4 Players Forward 
   Center                   Wing                     Time % Phy DF OF 
 1 Jonathan Toews           Colin Greening           60     1   2  2  
 2 Nazem Kadri              Scott Hartnell           40     1   2  2  

Penalty Kill 4 Players Defense
   Defense                  Defense                  Time % Phy DF OF 
 1 Matt Greene              Johnny Oduya             60     1   2  2  
 2 Zach Bogosian            Erik Gudbranson          40     1   2  2  

Penalty Kill - 3 Players Forward 
   Forward                                           Time % Phy DF OF 
 1 Jonathan Toews                                    60     1   2  2  
 2 Colin Greening                                    40     1   2  2  

Penalty Kill - 3 Players Defense
   Defense                  Defense                  Time % Phy DF OF 
 1 Matt Greene              Johnny Oduya             60     1   2  2  
 2 Zach Bogosian            Erik Gudbranson          40     1   2  2  

4 vs 4 Forward 
   Center                   Wing                     Time % Phy DF OF 
 1 Jonathan Toews           Phil Kessel              60     1   2  2  
 2 Henrik Sedin             Kyle Okposo              40     1   2  2  

4 vs 4 Defense
   Defense                  Defense                  Time % Phy DF OF 
 1 Justin Schultz           Johnny Oduya             60     1   2  2  
 2 Erik Gudbranson          Zach Bogosian            40     1   2  2  

Last Minutes Offensive
   Center                   Left Wing                Right Wing               Defense                  Defense                  
   Jonathan Toews           Scott Hartnell           Phil Kessel              Matt Greene              Johnny Oduya             

Last Minutes Defensive
   Center                   Left Wing                Right Wing               Defense                  Defense                  
   Jonathan Toews           Scott Hartnell           Phil Kessel              Matt Greene              Johnny Oduya             

Goaltenders
Starting : Steve Mason              
Backup : James Reimer             

Extra Forwards
Normal : Nazem Kadri, Colin Greening, Reilly Smith - PP : Nazem Kadri, Colin Greening - PK : Reilly Smith
Extra Defensemen
Normal : Zach Bogosian, Johnny Oduya, Justin Schultz - PP : Erik Gudbranson - PK : Zach Bogosian, Johnny Oduya
Penalty Shots
Jonathan Toews, Phil Kessel, Henrik Sedin, Kyle Okposo, Scott Hartnell

% Time on Ice - Oilers

Lines # - Real PCT - Wanted PCT - Time Play
Normal Forward
1 - 30% - 35% - 14:55
2 - 34% - 35% - 17:11
3 - 24% - 25% - 11:54
4 - 13% - 5% - 6:27
Normal Defense
1 - 39% - 40% - 19:32
2 - 38% - 40% - 19:16
3 - 23% - 20% - 11:39
4 - 0% - 0% - 0:00
PP Forward
1 - 50% - 55% - 2:33
2 - 50% - 45% - 2:31
PP Defense
1 - 56% - 50% - 2:49
2 - 44% - 50% - 2:15
PK Forward
1 - 79% - 55% - 3:33
2 - 21% - 45% - 0:56
PK Defense
1 - 30% - 50% - 1:20
2 - 70% - 50% - 3:09
PK3 Forward
1 - 0% - 55%
2 - 0% - 45%
PK3 Defense
1 - 0% - 50%
2 - 0% - 50%
44 Forward
1 - 0% - 60%
2 - 0% - 40%
44 Defense
1 - 0% - 50%
2 - 0% - 50%
Last Minute Offensive  - 0:00
Last Minute Defensive  - 0:00
Total
Forward - 60:00
Defense - 60:00

% Time on Ice - Senators

Lines # - Real PCT - Wanted PCT - Time Play
Normal Forward
1 - 33% - 40% - 16:33
2 - 28% - 32% - 14:00
3 - 25% - 20% - 12:39
4 - 14% - 8% - 7:15
Normal Defense
1 - 44% - 40% - 21:57
2 - 28% - 30% - 14:19
3 - 25% - 25% - 12:25
4 - 4% - 5% - 1:46
PP Forward
1 - 61% - 60% - 2:44
2 - 39% - 40% - 1:45
PP Defense
1 - 90% - 60% - 4:03
2 - 10% - 40% - 0:26
PK Forward
1 - 65% - 60% - 2:42
2 - 35% - 40% - 1:29
PK Defense
1 - 47% - 60% - 1:59
2 - 53% - 40% - 2:12
PK3 Forward
1 - 79% - 60% - 0:42
2 - 21% - 40% - 0:11
PK3 Defense
1 - 0% - 60% - 0:00
2 - 100% - 40% - 0:53
44 Forward
1 - 0% - 60%
2 - 0% - 40%
44 Defense
1 - 0% - 60%
2 - 0% - 40%
Last Minute Offensive  - 0:00
Last Minute Defensive  - 0:00
Total
Forward - 60:00
Defense - 60:00

Play by Play

1st period


0:01 of 1st period - Jonathan Toews wins face-off versus Nicklas Backstrom in neutral zone.
0:15 of 1st period - Backhand shot by Nicklas Backstrom.
0:15 of 1st period - Shot Misses the Net.
0:21 of 1st period - Slapshot by Jonathan Toews.
0:21 of 1st period - Stopped by Roberto Luongo without a rebound.
0:22 of 1st period - David Desharnais wins face-off versus Henrik Sedin in Oilers zone.
0:39 of 1st period - Wrist shot by Alexander Semin.
0:39 of 1st period - Stopped by Steve Mason with a rebound.
0:41 of 1st period - Snap shot by Scott Hannan.
0:41 of 1st period - Shot Misses the Net.
0:43 of 1st period - Slapshot by Scott Hannan.
0:43 of 1st period - Shot Misses the Net.
0:59 of 1st period - Wrist shot by Nick Bonino.
0:59 of 1st period - Shot Blocked by Erik Gudbranson.
1:05 of 1st period - Minor Penalty to Erik Gudbranson for Tripping.
1:06 of 1st period - Jonathan Toews wins face-off versus Nicklas Backstrom in Senators zone.
1:17 of 1st period - Wrist shot by Alexander Semin.
1:17 of 1st period - Stopped by Steve Mason without a rebound.
1:18 of 1st period - Jonathan Toews wins face-off versus Nicklas Backstrom in Senators zone.
1:49 of 1st period - Johnny Oduya is hit by Vladimir Sobotka and loses puck.
2:00 of 1st period - Jonathan Toews is hit by Mikkel Boedker.
2:11 of 1st period - Minor Penalty to Matt Greene for Hooking.
2:12 of 1st period - David Desharnais wins face-off versus Jonathan Toews in Senators zone.
2:13 of 1st period - Wrist shot by Mikkel Boedker.
2:13 of 1st period - Stopped by Steve Mason without a rebound.
2:14 of 1st period - David Desharnais wins face-off versus Jonathan Toews in Senators zone.
2:15 of 1st period - Wrist shot by Mikkel Boedker.
2:15 of 1st period - Stopped by Steve Mason with a rebound.
2:38 of 1st period - Wrist shot by Kimmo Timonen.
2:38 of 1st period - Stopped by Steve Mason with a rebound.
2:48 of 1st period - Wrist shot by Andrew Ladd.
2:48 of 1st period - Shot Misses the Net.
3:05 of 1st period - Penalty to Erik Gudbranson is over, Erik Gudbranson is back on ice.
3:15 of 1st period - Colin Greening is hit by Shane Doan and loses puck.
3:39 of 1st period - Backhand shot by Nazem Kadri.
3:39 of 1st period - Stopped by Roberto Luongo with a rebound.
4:11 of 1st period - Penalty to Matt Greene is over, Matt Greene is back on ice.
4:29 of 1st period - Wrist shot by Kyle Okposo.
4:29 of 1st period - Shot Misses the Net.
4:31 of 1st period - Slapshot by Henrik Sedin.
4:31 of 1st period - Shot Blocked by Kimmo Timonen.
5:19 of 1st period - Slapshot by Mark Scheifele.
5:19 of 1st period - Shot Misses the Net.
5:21 of 1st period - Snap shot by Nazem Kadri.
5:21 of 1st period - Shot Blocked by Nick Bonino.
5:27 of 1st period - Wrist shot by Reilly Smith.
5:27 of 1st period - Stopped by Roberto Luongo without a rebound.
5:28 of 1st period - Jonathan Toews wins face-off versus Nicklas Backstrom in Oilers zone.
7:02 of 1st period - Off-side.
7:03 of 1st period - Henrik Sedin wins face-off versus Nicklas Backstrom in neutral zone.
7:06 of 1st period - Snap shot by Kyle Okposo.
7:06 of 1st period - Stopped by Roberto Luongo with a rebound.
7:16 of 1st period - Wrist shot by Kyle Okposo.
7:16 of 1st period - Stopped by Roberto Luongo with a rebound.
7:18 of 1st period - Slapshot by Erik Gudbranson.
7:18 of 1st period - Shot Misses the Net.
7:36 of 1st period - Slapshot by Kyle Okposo.
7:36 of 1st period - Shot Misses the Net.
7:38 of 1st period - Backhand shot by Justin Schultz.
7:38 of 1st period - Deflect By Kyle Okposo.
7:38 of 1st period - Shot Blocked by Scott Hannan.
7:38 of 1st period - Puck is out of play.
7:39 of 1st period - Scott Gomez wins face-off versus Vladimir Sobotka in Oilers zone.
8:06 of 1st period - Wrist shot by Colin Greening.
8:06 of 1st period - Stopped by Roberto Luongo with a rebound.
8:10 of 1st period - Snap shot by Scott Gomez.
8:10 of 1st period - Shot Blocked by David Schlemko.
8:28 of 1st period - David Schlemko is hit by Matt Greene and loses puck.
8:46 of 1st period - Snap shot by Mark Scheifele.
8:46 of 1st period - Shot Misses the Net.
9:30 of 1st period - Scott Hannan is hit by Erik Gudbranson and loses puck.
9:45 of 1st period - Slapshot by Phil Kessel.
9:45 of 1st period - Stopped by Roberto Luongo with a rebound.
12:23 of 1st period - Andrew MacDonald is hit by Scott Hartnell and loses puck.
12:36 of 1st period - Wrist shot by Henrik Sedin.
12:36 of 1st period - Shot Misses the Net.
12:38 of 1st period - Slapshot by Johnny Oduya.
12:38 of 1st period - Stopped by Roberto Luongo with a rebound.
13:31 of 1st period - Snap shot by Alexander Semin.
13:31 of 1st period - Stopped by Steve Mason without a rebound.
13:32 of 1st period - Jonathan Toews wins face-off versus Alexander Semin in Senators zone.
14:26 of 1st period - David Schlemko is hit by Matt Greene and loses puck.
14:31 of 1st period - Snap shot by Reilly Smith.
14:31 of 1st period - Goal by Reilly Smith - Oilers : 0 - Senators : 1.
14:32 of 1st period - Henrik Sedin wins face-off versus Vladimir Sobotka in neutral zone.
14:35 of 1st period - Darren Helm is hit by Scott Hartnell and loses puck.
14:56 of 1st period - Snap shot by Henrik Sedin.
14:56 of 1st period - Deflect By Scott Hartnell.
14:56 of 1st period - Stopped by Roberto Luongo with a rebound.
16:00 of 1st period - Snap shot by Nicklas Backstrom.
16:00 of 1st period - Stopped by Steve Mason with a rebound.
16:02 of 1st period - Backhand shot by Andrej Sekera.
16:02 of 1st period - Shot Misses the Net.
16:07 of 1st period - Minor Penalty to Zach Bogosian for Hooking.
16:08 of 1st period - David Desharnais wins face-off versus Jonathan Toews in Senators zone.
16:20 of 1st period - Johnny Oduya is hit by Vladimir Sobotka and loses puck.
16:27 of 1st period - Wrist shot by Mikkel Boedker.
16:27 of 1st period - Deflect By David Desharnais.
16:27 of 1st period - Shot Misses the Net.
16:27 of 1st period - Puck is out of play.
16:28 of 1st period - Jonathan Toews wins face-off versus David Desharnais in Senators zone.
16:49 of 1st period - Wrist shot by Nicklas Backstrom.
16:49 of 1st period - Shot Misses the Net.
17:45 of 1st period - Kimmo Timonen is hit by Scott Hartnell.
17:51 of 1st period - Nazem Kadri is hit by Nick Bonino.
18:07 of 1st period - Penalty to Zach Bogosian is over, Zach Bogosian is back on ice.
19:18 of 1st period - Justin Schultz is hit by Brayden McNabb and loses puck.
19:48 of 1st period - Scott Gomez is hit by Vladimir Sobotka and loses puck.
19:59 of 1st period - Colin Greening is hit by Vladimir Sobotka and loses puck.
Goals for this period are 0 for Oilers vs 1 for Senators.
Shots for this period are 7 for Oilers vs 10 for Senators.

2nd period


0:01 of 2nd period - Jonathan Toews wins face-off versus David Desharnais in neutral zone.
0:08 of 2nd period - Snap shot by Jonathan Toews.
0:08 of 2nd period - Goal by Jonathan Toews - Oilers : 0 - Senators : 2.
0:09 of 2nd period - David Desharnais wins face-off versus Jonathan Toews in neutral zone.
0:50 of 2nd period - Johnny Oduya is hit by David Desharnais and loses puck.
0:51 of 2nd period - Johnny Oduya from Senators is injured at 0:51 of 2nd period (Strained Left Knee).
0:52 of 2nd period - Jonathan Toews wins face-off versus Nicklas Backstrom in Senators zone.
1:59 of 2nd period - Snap shot by David Desharnais.
1:59 of 2nd period - Stopped by Steve Mason with a rebound.
2:01 of 2nd period - Slapshot by Nick Bonino.
2:01 of 2nd period - Stopped by Steve Mason without a rebound.
2:02 of 2nd period - Henrik Sedin wins face-off versus Vladimir Sobotka in Senators zone.
2:53 of 2nd period - Mark Scheifele is hit by Andrew MacDonald and loses puck.
3:41 of 2nd period - Snap shot by Shane Doan.
3:41 of 2nd period - Shot Misses the Net.
3:43 of 2nd period - Slapshot by David Schlemko.
3:43 of 2nd period - Shot Blocked by Zach Bogosian.
3:45 of 2nd period - Backhand shot by Brayden McNabb.
3:45 of 2nd period - Stopped by Steve Mason with a rebound.
3:47 of 2nd period - Snap shot by David Schlemko.
3:47 of 2nd period - Deflect By Nicklas Backstrom.
3:47 of 2nd period - Shot Misses the Net.
3:47 of 2nd period - Puck is out of play.
3:48 of 2nd period - Scott Gomez wins face-off versus Nicklas Backstrom in Senators zone.
4:15 of 2nd period - Wrist shot by Brayden Schenn.
4:15 of 2nd period - Shot Misses the Net.
4:17 of 2nd period - Snap shot by Brayden McNabb.
4:17 of 2nd period - Stopped by Steve Mason with a rebound.
4:19 of 2nd period - Slapshot by David Schlemko.
4:19 of 2nd period - Shot Blocked by Erik Gudbranson.
4:48 of 2nd period - Phil Kessel is hit by Mikkel Boedker and loses puck.
4:55 of 2nd period - Mikkel Boedker is hit by Jonathan Toews and loses puck.
5:14 of 2nd period - Wrist shot by Henrik Sedin.
5:14 of 2nd period - Stopped by Roberto Luongo without a rebound.
5:15 of 2nd period - David Desharnais wins face-off versus Henrik Sedin in Oilers zone.
5:30 of 2nd period - Kyle Okposo is hit by Alexander Semin and loses puck.
5:37 of 2nd period - Scott Hannan is hit by Kyle Okposo and loses puck.
6:24 of 2nd period - Zach Bogosian is hit by Andrew Ladd and loses puck.
6:33 of 2nd period - Andrej Sekera is hit by Matt Greene and loses puck.
6:52 of 2nd period - Loui Eriksson is hit by Darren Helm and loses puck.
6:59 of 2nd period - Snap shot by Mikkel Boedker.
6:59 of 2nd period - Stopped by Steve Mason with a rebound.
7:01 of 2nd period - Snap shot by Darren Helm.
7:01 of 2nd period - Deflect By Vladimir Sobotka.
7:01 of 2nd period - Shot Misses the Net.
7:01 of 2nd period - Puck is out of play.
7:02 of 2nd period - Vladimir Sobotka wins face-off versus Jonathan Toews in Senators zone.
7:09 of 2nd period - Snap shot by Mikkel Boedker.
7:09 of 2nd period - Shot Blocked by Justin Schultz.
7:15 of 2nd period - Snap shot by Mikkel Boedker.
7:15 of 2nd period - Deflect By Vladimir Sobotka.
7:15 of 2nd period - Shot Misses the Net.
7:15 of 2nd period - Puck is out of play.
7:16 of 2nd period - David Desharnais wins face-off versus Scott Gomez in Senators zone.
7:28 of 2nd period - Minor Penalty to David Desharnais for Hooking.
7:29 of 2nd period - Jonathan Toews wins face-off versus Vladimir Sobotka in Oilers zone.
7:59 of 2nd period - Wrist shot by Phil Kessel.
7:59 of 2nd period - Goal by Phil Kessel - Oilers : 0 - Senators : 3.
8:00 of 2nd period - Nazem Kadri wins face-off versus David Desharnais in neutral zone.
8:05 of 2nd period - Snap shot by Nazem Kadri.
8:05 of 2nd period - Stopped by Roberto Luongo without a rebound.
8:06 of 2nd period - David Desharnais wins face-off versus Reilly Smith in Oilers zone.
8:50 of 2nd period - Minor Penalty to Alexander Semin for Roughing.
8:51 of 2nd period - Jonathan Toews wins face-off versus Vladimir Sobotka in Oilers zone.
10:00 of 2nd period - Nick Bonino is hit by Loui Eriksson and loses puck.
10:47 of 2nd period - Andrew MacDonald is hit by Erik Gudbranson and loses puck.
10:50 of 2nd period - Penalty to Alexander Semin is over, Alexander Semin is back on ice.
11:06 of 2nd period - Snap shot by Nick Bonino.
11:06 of 2nd period - Shot Misses the Net.
11:12 of 2nd period - Kimmo Timonen is hit by Nazem Kadri and loses puck.
11:33 of 2nd period - Wrist shot by Nazem Kadri.
11:33 of 2nd period - Shot Misses the Net.
11:35 of 2nd period - Wrist shot by Matt Greene.
11:35 of 2nd period - Shot Misses the Net.
12:56 of 2nd period - Andrej Sekera is hit by Zach Bogosian and loses puck.
13:22 of 2nd period - Mark Scheifele is hit by Ales Hemsky and loses puck.
14:22 of 2nd period - Nicklas Backstrom is hit by Zach Bogosian and loses puck.
14:47 of 2nd period - Snap shot by Mikkel Boedker.
14:47 of 2nd period - Shot Blocked by Erik Gudbranson.
14:49 of 2nd period - Slapshot by Scott Hannan.
14:49 of 2nd period - Shot Misses the Net.
14:51 of 2nd period - Backhand shot by Andrej Sekera.
14:51 of 2nd period - Shot Blocked by Erik Gudbranson.
15:21 of 2nd period - Slapshot by Henrik Sedin.
15:21 of 2nd period - Stopped by Roberto Luongo without a rebound.
15:22 of 2nd period - Henrik Sedin wins face-off versus Mikkel Boedker in Oilers zone.
15:47 of 2nd period - Wrist shot by Scott Hartnell.
15:47 of 2nd period - Deflect By Kimmo Timonen.
15:47 of 2nd period - Shot Misses the Net.
15:47 of 2nd period - Puck is out of play.
15:48 of 2nd period - Nicklas Backstrom wins face-off versus Scott Gomez in Oilers zone.
15:50 of 2nd period - Minor Penalty to Scott Hannan for Holding Stick.
15:51 of 2nd period - Jonathan Toews wins face-off versus Vladimir Sobotka in Oilers zone.
16:24 of 2nd period - Snap shot by Andrew Ladd.
16:24 of 2nd period - Shot Misses the Net.
17:50 of 2nd period - Penalty to Scott Hannan is over, Scott Hannan is back on ice.
18:49 of 2nd period - Icing by Darren Helm.
18:50 of 2nd period - Nicklas Backstrom wins face-off versus Colin Greening in Oilers zone.
19:00 of 2nd period - Zach Bogosian is hit by David Schlemko and loses puck.
19:53 of 2nd period - Snap shot by Kyle Okposo.
19:53 of 2nd period - Shot Misses the Net.
19:55 of 2nd period - Slapshot by Scott Hartnell.
19:55 of 2nd period - Shot Misses the Net.
19:57 of 2nd period - Wrist shot by Peter Harrold.
19:57 of 2nd period - Deflect By Scott Hartnell.
19:57 of 2nd period - Shot Misses the Net.
19:57 of 2nd period - Puck is out of play.
19:58 of 2nd period - David Desharnais wins face-off versus Nazem Kadri in Oilers zone.
19:58 of 2nd period - David Desharnais is hit by Mark Scheifele.
Goals for this period are 0 for Oilers vs 2 for Senators.
Shots for this period are 5 for Oilers vs 5 for Senators.

3rd period


0:01 of 3rd period - Jonathan Toews wins face-off versus Nicklas Backstrom in neutral zone.
0:16 of 3rd period - Snap shot by Shane Doan.
0:16 of 3rd period - Stopped by Steve Mason without a rebound.
0:17 of 3rd period - Jonathan Toews wins face-off versus Nicklas Backstrom in Senators zone.
0:30 of 3rd period - Snap shot by Jonathan Toews.
0:30 of 3rd period - Stopped by Roberto Luongo without a rebound.
0:31 of 3rd period - Henrik Sedin wins face-off versus David Desharnais in Oilers zone.
1:06 of 3rd period - Snap shot by Kyle Okposo.
1:06 of 3rd period - Shot Blocked by David Desharnais.
1:08 of 3rd period - Slapshot by Justin Schultz.
1:08 of 3rd period - Stopped by Roberto Luongo with a rebound.
1:37 of 3rd period - Snap shot by Nicklas Backstrom.
1:37 of 3rd period - Shot Misses the Net.
1:39 of 3rd period - Slapshot by Andrej Sekera.
1:39 of 3rd period - Shot Misses the Net.
1:41 of 3rd period - Slapshot by Andrej Sekera.
1:41 of 3rd period - Goal by Andrej Sekera - Oilers : 1 - Senators : 3.
1:42 of 3rd period - Nazem Kadri wins face-off versus Nicklas Backstrom in neutral zone.
2:01 of 3rd period - Snap shot by Nazem Kadri.
2:01 of 3rd period - Stopped by Roberto Luongo without a rebound.
2:02 of 3rd period - Nazem Kadri wins face-off versus Shane Doan in Oilers zone.
2:21 of 3rd period - Wrist shot by Nazem Kadri.
2:21 of 3rd period - Shot Misses the Net.
2:36 of 3rd period - Icing by Andrew Ladd.
2:37 of 3rd period - Jonathan Toews wins face-off versus Nicklas Backstrom in Oilers zone.
3:08 of 3rd period - Slapshot by Phil Kessel.
3:08 of 3rd period - Goal by Phil Kessel - Oilers : 1 - Senators : 4.
3:08 of 3rd period - Jean-Sebastien Giguere enters game.
3:09 of 3rd period - Vladimir Sobotka wins face-off versus Henrik Sedin in neutral zone.
3:12 of 3rd period - Matt Greene is hit by Kimmo Timonen and loses puck.
4:01 of 3rd period - Kimmo Timonen is hit by Phil Kessel and loses puck.
4:06 of 3rd period - Snap shot by Phil Kessel.
4:06 of 3rd period - Stopped by Jean-Sebastien Giguere with a rebound.
4:12 of 3rd period - Justin Schultz is hit by Alexander Semin and loses puck.
4:21 of 3rd period - Snap shot by David Desharnais.
4:21 of 3rd period - Stopped by Steve Mason with a rebound.
4:23 of 3rd period - Wrist shot by Alexander Semin.
4:23 of 3rd period - Stopped by Steve Mason with a rebound.
4:25 of 3rd period - Slapshot by Andrej Sekera.
4:25 of 3rd period - Stopped by Steve Mason with a rebound.
4:27 of 3rd period - Slapshot by David Desharnais.
4:27 of 3rd period - Oilers goal is going for a video replay.
4:27 of 3rd period - The goal is good.
4:27 of 3rd period - Goal by David Desharnais - Oilers : 2 - Senators : 4.
4:28 of 3rd period - Nazem Kadri wins face-off versus Nicklas Backstrom in neutral zone.
5:05 of 3rd period - Snap shot by Andrew Ladd.
5:05 of 3rd period - Shot Misses the Net.
5:26 of 3rd period - Scott Hannan is hit by Zach Bogosian and loses puck.
5:33 of 3rd period - Wrist shot by Jonathan Toews.
5:33 of 3rd period - Stopped by Jean-Sebastien Giguere without a rebound.
5:34 of 3rd period - David Desharnais wins face-off versus Jonathan Toews in Oilers zone.
5:53 of 3rd period - Wrist shot by David Desharnais.
5:53 of 3rd period - Shot Misses the Net.
5:55 of 3rd period - Snap shot by Andrew MacDonald.
5:55 of 3rd period - Deflect By David Desharnais.
5:55 of 3rd period - Stopped by Steve Mason without a rebound.
5:56 of 3rd period - Vladimir Sobotka wins face-off versus Henrik Sedin in Senators zone.
6:52 of 3rd period - Erik Gudbranson is hit by David Schlemko and loses puck.
7:50 of 3rd period - Off-side.
7:51 of 3rd period - Jonathan Toews wins face-off versus Ales Hemsky in neutral zone.
8:50 of 3rd period - Slapshot by Alexander Semin.
8:50 of 3rd period - Shot Misses the Net.
9:20 of 3rd period - Snap shot by Mikkel Boedker.
9:20 of 3rd period - Shot Misses the Net.
9:22 of 3rd period - Slapshot by David Schlemko.
9:22 of 3rd period - Stopped by Steve Mason with a rebound.
9:24 of 3rd period - Slapshot by David Schlemko.
9:24 of 3rd period - Stopped by Steve Mason with a rebound.
9:26 of 3rd period - Snap shot by Mikkel Boedker.
9:26 of 3rd period - Shot Blocked by Peter Harrold.
9:28 of 3rd period - Slapshot by Vladimir Sobotka.
9:28 of 3rd period - Stopped by Steve Mason without a rebound.
9:29 of 3rd period - Nazem Kadri wins face-off versus Andrew Ladd in Senators zone.
10:21 of 3rd period - Snap shot by Mikkel Boedker.
10:21 of 3rd period - Shot Blocked by Matt Greene.
10:23 of 3rd period - Snap shot by Mikkel Boedker.
10:23 of 3rd period - Stopped by Steve Mason with a rebound.
10:25 of 3rd period - Wrist shot by Scott Hannan.
10:25 of 3rd period - Shot Blocked by Zach Bogosian.
10:27 of 3rd period - Snap shot by Mikkel Boedker.
10:27 of 3rd period - Stopped by Steve Mason with a rebound.
10:31 of 3rd period - Snap shot by Darren Helm.
10:31 of 3rd period - Stopped by Steve Mason with a rebound.
10:43 of 3rd period - Nazem Kadri is hit by David Desharnais and loses puck.
10:58 of 3rd period - Snap shot by Alexander Semin.
10:58 of 3rd period - Shot Blocked by Nazem Kadri.
11:00 of 3rd period - Slapshot by Andrej Sekera.
11:00 of 3rd period - Shot Misses the Net.
11:26 of 3rd period - Henrik Sedin is hit by Brayden McNabb and loses puck.
11:52 of 3rd period - Icing by Andrew Ladd.
11:53 of 3rd period - Nicklas Backstrom wins face-off versus Jonathan Toews in Oilers zone.
12:17 of 3rd period - Brayden McNabb is hit by Jonathan Toews and loses puck.
12:50 of 3rd period - Slapshot by Darren Helm.
12:50 of 3rd period - Stopped by Steve Mason without a rebound.
12:51 of 3rd period - Henrik Sedin wins face-off versus David Desharnais in Senators zone.
12:58 of 3rd period - Snap shot by Kyle Okposo.
12:58 of 3rd period - Deflect By Scott Hartnell.
12:58 of 3rd period - Stopped by Jean-Sebastien Giguere with a rebound.
13:10 of 3rd period - Snap shot by Kyle Okposo.
13:10 of 3rd period - Goal by Kyle Okposo - Oilers : 2 - Senators : 5.
13:11 of 3rd period - David Desharnais wins face-off versus Henrik Sedin in neutral zone.
13:28 of 3rd period - Snap shot by Alexander Semin.
13:28 of 3rd period - Stopped by Steve Mason with a rebound.
13:36 of 3rd period - Snap shot by Kyle Okposo.
13:36 of 3rd period - Shot Blocked by Kimmo Timonen.
13:38 of 3rd period - Backhand shot by Erik Gudbranson.
13:38 of 3rd period - Stopped by Jean-Sebastien Giguere with a rebound.
13:40 of 3rd period - Slapshot by Erik Gudbranson.
13:40 of 3rd period - Shot Blocked by Kimmo Timonen.
13:42 of 3rd period - Snap shot by Henrik Sedin.
13:42 of 3rd period - Shot Misses the Net.
13:44 of 3rd period - Slapshot by Justin Schultz.
13:44 of 3rd period - Deflect By Andrew MacDonald.
13:44 of 3rd period - Stopped by Jean-Sebastien Giguere without a rebound.
13:45 of 3rd period - Vladimir Sobotka wins face-off versus Jonathan Toews in Oilers zone.
13:45 of 3rd period - Vladimir Sobotka is hit by Jonathan Toews.
13:50 of 3rd period - Off-side.
13:51 of 3rd period - Vladimir Sobotka wins face-off versus Jonathan Toews in neutral zone.
14:00 of 3rd period - Loui Eriksson is hit by Vladimir Sobotka and loses puck.
14:13 of 3rd period - Slapshot by Darren Helm.
14:13 of 3rd period - Stopped by Steve Mason with a rebound.
14:15 of 3rd period - Slapshot by Scott Hannan.
14:15 of 3rd period - Stopped by Steve Mason with a rebound.
14:17 of 3rd period - Slapshot by Andrej Sekera.
14:17 of 3rd period - Deflect By Justin Schultz.
14:17 of 3rd period - Stopped by Steve Mason with a rebound.
14:19 of 3rd period - Wrist shot by Darren Helm.
14:19 of 3rd period - Stopped by Steve Mason with a rebound.
14:21 of 3rd period - Wrist shot by Mikkel Boedker.
14:21 of 3rd period - Shot Misses the Net.
14:23 of 3rd period - Slapshot by Scott Hannan.
14:23 of 3rd period - Shot Blocked by Justin Schultz.
14:25 of 3rd period - Snap shot by Vladimir Sobotka.
14:25 of 3rd period - Stopped by Steve Mason with a rebound.
14:27 of 3rd period - Slapshot by Scott Hannan.
14:27 of 3rd period - Stopped by Steve Mason with a rebound.
14:29 of 3rd period - Slapshot by Darren Helm.
14:29 of 3rd period - Stopped by Steve Mason with a rebound.
15:06 of 3rd period - Henrik Sedin is hit by Scott Hannan and loses puck.
15:20 of 3rd period - Off-side.
15:21 of 3rd period - Nicklas Backstrom wins face-off versus Nazem Kadri in neutral zone.
15:21 of 3rd period - Nicklas Backstrom is hit by Reilly Smith.
15:25 of 3rd period - Matt Greene is hit by Andrew MacDonald and loses puck.
15:34 of 3rd period - Wrist shot by Peter Harrold.
15:34 of 3rd period - Goal by Peter Harrold - Oilers : 2 - Senators : 6.
15:35 of 3rd period - Jonathan Toews wins face-off versus Nicklas Backstrom in neutral zone.
15:41 of 3rd period - Off-side.
15:42 of 3rd period - Shane Doan wins face-off versus Jonathan Toews in neutral zone.
15:47 of 3rd period - Jonathan Toews is hit by Kimmo Timonen and loses puck.
16:34 of 3rd period - Snap shot by Kyle Okposo.
16:34 of 3rd period - Shot Misses the Net.
16:43 of 3rd period - Slapshot by Scott Hartnell.
16:43 of 3rd period - Shot Misses the Net.
16:45 of 3rd period - Slapshot by Peter Harrold.
16:45 of 3rd period - Shot Misses the Net.
16:57 of 3rd period - Wrist shot by Henrik Sedin.
16:57 of 3rd period - Shot Blocked by David Desharnais.
16:59 of 3rd period - Slapshot by Peter Harrold.
16:59 of 3rd period - Deflect By Henrik Sedin.
16:59 of 3rd period - Shot Misses the Net.
16:59 of 3rd period - Puck is out of play.
17:00 of 3rd period - Nazem Kadri wins face-off versus Vladimir Sobotka in Oilers zone.
17:13 of 3rd period - Andrej Sekera is hit by Nazem Kadri and loses puck.
17:58 of 3rd period - David Clarkson is hit by Brayden Schenn and loses puck.
18:42 of 3rd period - Kimmo Timonen is hit by Matt Greene and loses puck.
19:18 of 3rd period - Snap shot by Shane Doan.
19:18 of 3rd period - Stopped by Steve Mason with a rebound.
19:21 of 3rd period - Icing by Justin Schultz.
19:22 of 3rd period - Jonathan Toews wins face-off versus Nicklas Backstrom in Senators zone.
Goals for this period are 2 for Oilers vs 3 for Senators.
Shots for this period are 23 for Oilers vs 11 for Senators.


Output by the SimonT Hockey Simulator (STHS) for Eric Dolegowski -- Original Page W3C XHTML 1.0 Valid
Hockey Simulator - Hockey Simulation - Hockey Manager